AoeStats
← ImTeso24TTV

Highland

506570946Analyzed
2v2 RM · 19d ago on Sep 14, 2026· 43m 26s· 4 players
Game mode
Random Map
Map size
Medium (4 player)
Population
200
Speed
Normal
Resources
Standard
Victory
Conquest
Starting age
Dark Age
Ending age
Imperial Age
RankedLock teamsTeams togetherTeam positionsShared explorationLock speedFull tech treeHidden civsTurbo modeCheats
Victory
Defeat
1581
+11
🇨🇴 Wu · Colombia
1059
+30
🇬🇧 Lithuanians · United Kingdom
1541
-24
🇺🇸 Mongols · United States
1362
-17
HUNGRY-4-FOOD
7:19 Loom
9:18 Feudal Age
11:32 Loom
14:12 Double-Bit Axe
20:26 Wheelbarrow
23:54 Castle Age
24:54 Fletching
26:04 Bodkin Arrow
26:44 Padded Archer Armor
28:18 Crossbowman
30:03 Ballistics
32:29 Town Watch
42:05 Imperial Age
41:37 Leather Archer Armor
NarKofer
8:07 Loom
10:48 Feudal Age
16:56 Fletching
21:06 Castle Age
21:53 Bodkin Arrow
21:55 Double-Bit Axe
24:09 Elite Skirmisher
25:53 Demolition Ship
29:10 Town Watch
32:18 Medium Warships
34:15 Wheelbarrow
36:50 Sanctity
36:47 Forging
36:44 Scale Barding Armor
38:16 Iron Casting
38:45 Chain Barding Armor
38:23 Horse Collar
Lic. Omar González López III
7:05 Loom
9:34 Feudal Age
9:36 Man-at-Arms
14:55 Fletching
15:47 Double-Bit Axe
22:41 Castle Age
21:31 Gold Mining
21:51 Horse Collar
22:46 Crossbowman
23:29 Bodkin Arrow
24:34 Bow Saw
26:28 Wheelbarrow
26:23 Heavy Plow
28:36 Hand Cart
28:09 Town Watch
29:56 Stone Mining
34:51 Imperial Age
33:05 Scale Mail Armor
33:15 Forging
33:42 Gold Shaft Mining
34:19 Stone Shaft Mining
33:46 Eagle Warrior
34:26 Squires
34:11 Arson
34:44 Chain Mail Armor
35:42 Iron Casting
36:04 Plate Mail Armor
35:39 Elite Eagle Warrior
38:17 Blast Furnace
37:58 Conscription
38:44 Garland Wars
41:21 Crop Rotation
41:24 Coinage
40:31 Elite Jaguar Warrior
41:31 Town Patrol
ImTeso24TTV
4:49 Loom
11:07 Feudal Age
12:10 Double-Bit Axe
22:09 Castle Age
20:15 Fletching
20:47 Forging
23:10 Medium Warships
24:10 Iron Casting
25:09 Horse Collar
26:31 Wheelbarrow
27:28 Scale Mail Armor
29:55 Hand Cart
30:27 Chain Mail Armor
30:12 Town Watch
32:00 Squires
36:54 Imperial Age
34:56 Fletching
35:34 Bodkin Arrow
35:40 Padded Archer Armor
35:52 Town Patrol
35:50 Crossbowman
35:51 Elite Skirmisher
37:25 Ballistics
37:52 Bracer
38:53 Leather Archer Armor
41:48 Gold Mining
43:20 Chemistry
43:05 Arson
43:51 Plate Mail Armor
Connection lost

Rejoining the realm…

Still unreachable

The connection could not be restored.

Session expired

The server has moved on; the page needs a fresh start.